 Dungeon Crawl Stone Soup version 0.26.0-10-g1f06aea511 (webtiles) character file.

Game seed: 12872535537812001613

10808 Dracia the Thaumaturge (level 11, -1/129 HPs)
             Began as a Gnoll Warper on Jan 15, 2021.
             Was a High Priest of Okawaru.
             Slain by a meliai
             ... wielding a +0 war axe
              (4 damage)
             ... on level 10 of the Dungeon.
             The game lasted 00:34:44 (14353 turns).

Dracia the Thaumaturge (Gnoll Warper)              Turns: 14353, Time: 00:34:45

Health: -1/129     AC: 26    Str: 16    XL:     11   Next: 67%
Magic:  17/23      EV:  2    Int: 16    God:    Okawaru [*****.]
Gold:   691        SH:  0    Dex: 18    Spells: 1/26 levels left

rFire    . . .     SeeInvis +   a - +2 hand axe (elec)
rCold    . . .     Faith    .   (no shield)
rNeg     + + +     Spirit   .   (armour currently unavailable)
rPois    +         Reflect  .   (helmet currently unavailable)
rElec    .         Harm     .   (cloak currently unavailable)
rCorr    .         Rampage  .   (gloves currently unavailable)
Will     .....     NoTele   +   (boots currently unavailable)
Stlth    +++++.....             (no amulet)
HPRegen  0.31/turn              v - ring of see invisible
MPRegen  0.18/turn              K - ring of the Octopus King {AC+1 EV+1 Str+1 Int+1 Dex+1 Stlth+}

@: tree-form
A: distributed training, strong nose
a: Renounce Religion, Heroism, Finesse


You were on level 10 of the Dungeon.
You worshipped Okawaru.
Okawaru was extremely pleased with you.
You were a tree.
You visited 1 branch of the dungeon, and saw 10 of its levels.
You also visited: Ossuary and Bailey.

You collected 691 gold pieces.


Innate Abilities, Weirdness & Mutations

Your experience applies equally to all skills.
((You have very sharp teeth.))
Your uncanny sense of smell can sniff out nearby items.


   Skills:
 + Level 8.0 Fighting
 + Level 6.5 Short Blades
 + Level 8.0 Long Blades
 + Level 6.5 Axes
 + Level 6.5 Maces & Flails
 + Level 6.5 Polearms
 + Level 6.5 Staves
 + Level 6.5 Slings
 + Level 6.5 Bows
 + Level 6.5 Crossbows
 + Level 7.1 Throwing
 + Level 7.1 Armour
 + Level 8.0 Dodging
 + Level 6.5 Stealth
 + Level 6.5 Shields
 + Level 6.5 Unarmed Combat
 + Level 8.3 Spellcasting
 + Level 5.4 Conjurations
 + Level 5.4 Hexes
 + Level 5.4 Summonings
 + Level 5.4 Necromancy
 + Level 7.8 Translocations
 + Level 5.4 Transmutations
 + Level 5.4 Fire Magic
 + Level 5.4 Ice Magic
 + Level 5.4 Air Magic
 + Level 5.4 Earth Magic
 + Level 5.4 Poison Magic
 + Level 7.1 Invocations
 + Level 6.5 Evocations


You had one spell level left.
You knew the following spells:

 Your Spells              Type           Power        Failure   Level
b - Bolt of Magma         Conj/Fire/Erth 12%          32%         5
g - Gell's Gravitas       Tloc           15%          1%          3
l - Lesser Beckoning      Tloc           15%          1%          3
m - Mephitic Cloud        Conj/Pois/Air  24%          3%          3
p - Poisonous Vapours     Pois/Air       48%          1%          2
t - Teleport Other        Tloc           31%          1%          3
u - Passage of Golubria   Tloc           N/A          4%          4
I - Blink                 Tloc           N/A          1%          2

Your spell library contained the following spells:

 Spells                   Type           Power        Failure   Level
 Inner Flame              Hex/Fire       24%          3%          3
 Cause Fear               Hex            12%          12%         4
 Lightning Bolt           Conj/Air       12%          32%         5
 Silence                  Hex/Air        12%          32%         5
 Yara's Violent Unravell  Hex/Tmut       12%          32%         5
 Discord                  Hex            12%          100%        8

Inventory:

Hand Weapons
 a - a +2 hand axe of electrocution (weapon)
 b - a +2 hunting sling of freezing
 k - a +0 dagger of flaming
 o - a +0 falchion
 E - a +4 hand axe
Missiles
 c - 6 silver javelins
 e - 5 boomerangs of dispersal {=f=f}
 i - 54 sling bullets
 n - 31 poisoned darts
 A - 12 boomerangs
 C - 156 stones
 F - 5 atropa-tipped darts (quivered)
Armour
 r - a +0 ring mail (melded)
 y - a +2 helmet (melded)
 z - a +0 leather armour
 B - a +0 pair of boots (melded)
Magical Staves
 l - an uncursed staff of death {!a!a}
Jewellery
 v - a ring of see invisible (left branch)
 K - a ring of the Octopus King (right branch) {AC+1 EV+1 Str+1 Int+1 Dex+1 Stlth+}
   (You found it in a bailey)

   [ring of stealth]

   It affects your AC (+1).
   It affects your evasion (+1).
   It affects your strength (+1).
   It affects your intelligence (+1).
   It affects your dexterity (+1).
   It makes you more stealthy.
Wands
 p - a wand of flame (21)
 w - a wand of enslavement (2)
 J - a wand of paralysis (14)
Scrolls
 d - 7 scrolls of blinking
 f - a scroll of fear
 h - a scroll of amnesia
 j - 6 scrolls of identify {@r1@r1}
 x - 2 scrolls of teleportation {@r4@r4}
 D - 4 scrolls of immolation
 G - 2 scrolls of remove curse {@r2@r2}
 N - a scroll of fog
Potions
 g - 2 potions of flight
 m - 3 potions of resistance
 q - 3 potions of attraction
 s - 6 potions of lignification
 t - a potion of magic
 u - 2 potions of curing {@q1@q1}
 H - 2 potions of might
 I - a potion of cancellation
 L - a potion of experience {unknown}
Miscellaneous
 M - a lightning rod (4/4)

Dungeon Overview and Level Annotations

Branches:
Dungeon (10/15)            Temple (0/1) D:7            Lair (0/6) D:9
    Orc (0/2) D:10        Ossuary (visited)          Bailey (visited)

Altars:
Ashenzari
Dithmenos
Fedhas
Gozag
Makhleb
Okawaru
Qazlal
Sif Muna
Uskayaw
Wu Jian
Yredelemnul

Shops:
D:4 :

Annotations:
D:6 2 transporters, Dracia's ghost, novice GnDe

#..# #.#.#.#.# ♣♣.......♣♣
##..###.#.#.#.# ♣...._....♣
..............###
**.........♣♣
##..###.##......#
*,,.........♣ **..#
#.##..#.#.### *,*,......♣,*
,,,,* #.##........#
****♣...♣**** *****
#.##..#.#.### ♣♣y..♣♣
*,*#..#.#.###♣♣♣♣♣.....♣
*****#####..#.#.♣y......y...##
,,,,..........###############
****######..#.# ######


You could see a meliai.


Message History

You kill the meliai!
Okawaru accepts your kill. Something appears at your feet!
Okawaru grants you armour! The meliai hits you but does no damage.
The meliai stings you.
* * * LOW HITPOINT WARNING * * *
You barely miss the meliai.
You feel sick.
The meliai mumbles some strange prayers to its god against you.
Something smites you!
* * * LOW HITPOINT WARNING * * *
The meliai hits you but does no damage.
The meliai stings you but does no damage.
Okay, then.
You hit the meliai. Your punch misses the meliai.
The meliai is moderately wounded.
The meliai hits you but does no damage. The meliai stings you.
* * * LOW HITPOINT WARNING * * *
The meliai hits you but does no damage.
The meliai stings you but does no damage.
Unknown command.
You feel better. The meliai hits you but does no damage.
The meliai barely misses you.
You hit the meliai.
The meliai is moderately wounded.
The meliai hits you with a +0 war axe.
* * * LOW HITPOINT WARNING * * *
The meliai stings you.
* * * LOW HITPOINT WARNING * * *
The meliai hits you with a +0 war axe.
You die...

Skill      XL: |  1  2  3  4  5  6  7  8  9 10 11 |
---------------+----------------------------------+-----
Spellcasting   | 5 6 7 8 |  8.3
Invocations    | 1 2 3 4 5 6 7 |  7.1
Short Blades   | 1 2 3 4 5 6 |  6.5
Axes           | 1 2 3 4 5 6 |  6.5
Maces & Flails | 1 2 3 4 5 6 |  6.5
Polearms       | 1 2 3 4 5 6 |  6.5
Staves         | 1 2 3 4 5 6 |  6.5
Slings         | 1 2 3 4 5 6 |  6.5
Bows           | 1 2 3 4 5 6 |  6.5
Crossbows      | 1 2 3 4 5 6 |  6.5
Stealth        | 1 2 3 4 5 6 |  6.5
Shields        | 1 2 3 4 5 6 |  6.5
Unarmed Combat | 1 2 3 4 5 6 |  6.5
Evocations     | 1 2 3 4 5 6 |  6.5
Conjurations   | 1 2 3 4 5 |  5.4
Hexes          | 1 2 3 4 5 |  5.4
Summonings     | 1 2 3 4 5 |  5.4
Necromancy     | 1 2 3 4 5 |  5.4
Transmutations | 1 2 3 4 5 |  5.4
Fire Magic     | 1 2 3 4 5 |  5.4
Ice Magic      | 1 2 3 4 5 |  5.4
Air Magic      | 1 2 3 4 5 |  5.4
Earth Magic    | 1 2 3 4 5 |  5.4
Poison Magic   | 1 2 3 4 5 |  5.4
Fighting       | 5 6 7 8 |  8.0
Long Blades    | 5 6 7 8 |  8.0
Throwing       | 3 4 5 6 7 |  7.1
Armour         | 3 4 5 6 7 |  7.1
Dodging        | 5 6 7 8 |  8.0
Translocations | 6 7 |  7.8

Action                   |  1- 3 |  4- 6 |  7- 9 | 10-12 || total
-------------------------+-------+-------+-------+-------++-------
Melee: Falchion          |    93 |    14 |       |       ||   107
       Bite              |    17 |    19 |    63 |    50 ||   149
       Dagger            |    50 |       |       |       ||    50
       Hand axe          |       |   120 |   463 |   428 ||  1011
       Punch             |       |     2 |    11 |    22 ||    35
       Staff             |       |       |       |    24 ||    24
 Fire: Hunting sling     |       |       |    32 |    36 ||    68
Throw: Dart              |       |       |       |     3 ||     3
 Cast: Gell's Gravitas   |       |       |     3 |    14 ||    17
       Lesser Beckoning  |       |       |     1 |       ||     1
       Blink             |       |       |       |     4 ||     4
       Mephitic Cloud    |       |       |       |     7 ||     7
Invok: Heroism           |       |       |     2 |     3 ||     5
Evoke: Wand              |       |     8 |     5 |    13 ||    26
  Use: Scroll            |       |       |    14 |     8 ||    22
       Potion            |       |       |     8 |     5 ||    13
 Stab: Sleeping          |       |     1 |     6 |     9 ||    16
       Distracted        |       |       |     1 |       ||     1
       Invisible         |       |       |       |     1 ||     1
       Paralysed         |       |       |       |     5 ||     5
       Confused          |       |       |       |     4 ||     4
Armor: Leather armour    |    23 |     8 |       |       ||    31
       Ring mail         |       |    40 |   172 |   145 ||   357
       Skin              |       |       |       |    26 ||    26
Dodge: Dodged            |   134 |    91 |   318 |   328 ||   871
       Rpst.: Falchion   |    26 |     2 |       |       ||    28

Levels and vault maps discovered:
D:1:      ldierk_water_garden, layout_rooms, kennysheep_boxes
D:2:      layout_loops_cross, lemuel_round_altar
D:3:      layout_basic, lemuel_crystal_altar, grunt_ministairs_9,
          minmay_circle_x, uniq_grinder, uniq_jessica
D:4:      layout_basic, lemuel_round_altar, nicolae_overflow_hidden_temple,
          serial_shops, kennysheep_mini, uniq_eustachio
D:5:      layout_rooms, nicolae_overflow_crystal_walls,
          chequers_ossuary_entry_cave, uniq_menkaure
D:6:      lemuel_ice_spiral_2, layout_basic, gammafunk_ghost_arena
D:7:      cheibrodos_quashed, layout_layer_cave, marbit_many_paths,
          minmay_temple_entry_glassed_door
D:8:      layout_basic, kennysheep_little_box
D:9:      layout_loops_ring, lemuel_crystal_altar,
          gammafunk_temple_overflow_elements, lair_entry_dummy,
          kennysheep_generic_room_10
D:10:     minmay_recursive_quarters, layout_basic, zombieorc1_lemuel,
          enter_bailey_6, fedhas_altar_fruit_tree

Notes
Turn   | Place    | Note
-------+----------+-------------------------------------------
     0 | D:1      | Dracia the Gnoll Warper began the quest for the Orb.
     0 | D:1      | Reached XP level 1. HP: 20/20 MP: 6/6
    83 | D:1      | Reached XP level 2. HP: 23/26 MP: 7/7
    86 | D:1      | Learned a level 2 spell: Blink
   417 | D:1      | Reached XP level 3. HP: 27/31 MP: 9/9
   554 | D:1      | Reached skill level 5 in Spellcasting
   722 | D:2      | Reached skill level 1 in Invocations
   938 | D:2      | Reached skill level 1 in Short Blades
   938 | D:2      | Reached skill level 1 in Axes
   938 | D:2      | Reached skill level 1 in Maces & Flails
   938 | D:2      | Reached skill level 1 in Polearms
   938 | D:2      | Reached skill level 1 in Staves
   938 | D:2      | Reached skill level 1 in Slings
   938 | D:2      | Reached skill level 1 in Bows
   938 | D:2      | Reached skill level 1 in Crossbows
   938 | D:2      | Reached skill level 1 in Stealth
   938 | D:2      | Reached skill level 1 in Shields
   938 | D:2      | Reached skill level 1 in Unarmed Combat
   938 | D:2      | Reached skill level 1 in Evocations
  1028 | D:2      | Reached XP level 4. HP: 19/38 MP: 11/11
  1400 | D:2      | Found a burning altar of Makhleb.
  1936 | D:3      | Reached skill level 1 in Conjurations
  1936 | D:3      | Reached skill level 1 in Hexes
  1936 | D:3      | Reached skill level 1 in Summonings
  1936 | D:3      | Reached skill level 1 in Necromancy
  1936 | D:3      | Reached skill level 1 in Transmutations
  1936 | D:3      | Reached skill level 1 in Fire Magic
  1936 | D:3      | Reached skill level 1 in Ice Magic
  1936 | D:3      | Reached skill level 1 in Air Magic
  1936 | D:3      | Reached skill level 1 in Earth Magic
  1936 | D:3      | Reached skill level 1 in Poison Magic
  1954 | D:3      | Learned a level 3 spell: Gell's Gravitas
  1958 | D:3      | Learned a level 3 spell: Lesser Beckoning
  1962 | D:3      | Learned a level 3 spell: Teleport Other
  2273 | D:3      | Noticed Grinder
  2279 | D:3      | Paralysed by Grinder for 7 turns
  2288 | D:3      | Killed Grinder
  2289 | D:3      | Reached skill level 5 in Fighting
  2289 | D:3      | Reached skill level 5 in Long Blades
  2289 | D:3      | Reached skill level 3 in Throwing
  2289 | D:3      | Reached skill level 3 in Armour
  2289 | D:3      | Reached skill level 5 in Dodging
  2289 | D:3      | Reached skill level 2 in Invocations
  2289 | D:3      | Reached XP level 5. HP: 34/44 MP: 12/12
  2289 | D:3      | Reached XP level 6. HP: 39/51 MP: 14/14
  2421 | D:3      | Reached skill level 2 in Short Blades
  2421 | D:3      | Reached skill level 2 in Axes
  2421 | D:3      | Reached skill level 2 in Maces & Flails
  2421 | D:3      | Reached skill level 2 in Polearms
  2421 | D:3      | Reached skill level 2 in Staves
  2421 | D:3      | Reached skill level 2 in Slings
  2421 | D:3      | Reached skill level 2 in Bows
  2421 | D:3      | Reached skill level 2 in Crossbows
  2421 | D:3      | Reached skill level 2 in Stealth
  2421 | D:3      | Reached skill level 2 in Shields
  2421 | D:3      | Reached skill level 2 in Unarmed Combat
  2421 | D:3      | Reached skill level 2 in Evocations
  2441 | D:3      | Found an iron altar of Okawaru.
  2570 | D:3      | Became a worshipper of Warmaster Okawaru
  2837 | D:3      | Noticed Jessica
  2844 | D:3      | Killed Jessica
  3288 | D:4      | Reached XP level 7. HP: 47/56 MP: 15/15
  3859 | D:4      | Found a broken altar of Ashenzari.
  4028 | D:4      | Found Fuisorr's Book Shop.
  4125 | D:4      | Found a shimmering blue altar of Sif Muna.
  4137 | D:4      | Noticed Eustachio
  4159 | D:4      | Killed Eustachio
  4160 | D:4      | Reached skill level 2 in Conjurations
  4160 | D:4      | Reached skill level 2 in Hexes
  4160 | D:4      | Reached skill level 2 in Summonings
  4160 | D:4      | Reached skill level 2 in Necromancy
  4160 | D:4      | Reached skill level 2 in Transmutations
  4160 | D:4      | Reached skill level 2 in Fire Magic
  4160 | D:4      | Reached skill level 2 in Ice Magic
  4160 | D:4      | Reached skill level 2 in Air Magic
  4160 | D:4      | Reached skill level 2 in Earth Magic
  4160 | D:4      | Reached skill level 2 in Poison Magic
  4417 | D:5      | Entered Level 5 of the Dungeon
  4431 | D:5      | Found a sand-covered staircase.
  4439 | Ossuary  | Entered an ossuary
  4705 | Ossuary  | Reached skill level 3 in Invocations
  4899 | Ossuary  | Reached * piety under Okawaru
  4915 | Ossuary  | Identified a potion of resistance
  5180 | D:5      | Noticed Menkaure
  5186 | D:5      | Killed Menkaure
  5187 | D:5      | Reached skill level 6 in Translocations
  5187 | D:5      | Reached XP level 8. HP: 61/63 MP: 16/16
  5221 | D:5      | Learned a level 4 spell: Passage of Golubria
  5286 | D:5      | Reached skill level 3 in Short Blades
  5286 | D:5      | Reached skill level 3 in Axes
  5286 | D:5      | Reached skill level 3 in Maces & Flails
  5286 | D:5      | Reached skill level 3 in Polearms
  5286 | D:5      | Reached skill level 3 in Staves
  5286 | D:5      | Reached skill level 3 in Slings
  5286 | D:5      | Reached skill level 3 in Bows
  5286 | D:5      | Reached skill level 3 in Crossbows
  5286 | D:5      | Reached skill level 4 in Throwing
  5286 | D:5      | Reached skill level 4 in Armour
  5286 | D:5      | Reached skill level 3 in Stealth
  5286 | D:5      | Reached skill level 3 in Shields
  5286 | D:5      | Reached skill level 3 in Unarmed Combat
  5286 | D:5      | Reached skill level 3 in Evocations
  5308 | D:5      | Found a shadowy altar of Dithmenos.
  5668 | D:6      | Found a transporter.
  5680 | D:6      | Noticed Dracia's ghost (novice GnDe)
  5685 | D:6      | Found a transporter.
  5845 | D:6      | Reached skill level 6 in Spellcasting
  6329 | D:6      | Reached skill level 4 in Invocations
  6346 | D:6      | Reached skill level 3 in Conjurations
  6346 | D:6      | Reached skill level 3 in Hexes
  6346 | D:6      | Reached skill level 3 in Summonings
  6346 | D:6      | Reached skill level 3 in Necromancy
  6346 | D:6      | Reached skill level 3 in Transmutations
  6346 | D:6      | Reached skill level 3 in Fire Magic
  6346 | D:6      | Reached skill level 3 in Ice Magic
  6346 | D:6      | Reached skill level 3 in Air Magic
  6346 | D:6      | Reached skill level 3 in Earth Magic
  6346 | D:6      | Reached skill level 3 in Poison Magic
  6469 | D:6      | You fall into a shaft and drop 2 floors!
  6491 | D:8      | Reached skill level 6 in Fighting
  6491 | D:8      | Reached skill level 6 in Long Blades
  6491 | D:8      | Reached skill level 6 in Dodging
  6607 | D:7      | Reached XP level 9. HP: 69/69 MP: 18/18
  6607 | D:7      | Reached ** piety under Okawaru
  6682 | D:7      | Reached skill level 4 in Short Blades
  6682 | D:7      | Reached skill level 4 in Axes
  6682 | D:7      | Reached skill level 4 in Maces & Flails
  6682 | D:7      | Reached skill level 4 in Polearms
  6682 | D:7      | Reached skill level 4 in Staves
  6682 | D:7      | Reached skill level 4 in Slings
  6682 | D:7      | Reached skill level 4 in Bows
  6682 | D:7      | Reached skill level 4 in Crossbows
  6682 | D:7      | Reached skill level 4 in Stealth
  6682 | D:7      | Reached skill level 4 in Shields
  6682 | D:7      | Reached skill level 4 in Unarmed Combat
  6682 | D:7      | Reached skill level 4 in Evocations
  7030 | D:7      | Reached skill level 5 in Throwing
  7030 | D:7      | Reached skill level 5 in Armour
  7509 | D:7      | Found a staircase to the Ecumenical Temple.
  7985 | D:7      | Found a stormy altar of Qazlal.
  8745 | D:6      | Reached skill level 5 in Invocations
  9088 | D:8      | Reached *** piety under Okawaru
  9097 | D:8      | Received a gift from Okawaru
  9098 | D:8      | Reached skill level 7 in Spellcasting
  9109 | D:8      | Reached skill level 4 in Conjurations
  9109 | D:8      | Reached skill level 4 in Hexes
  9109 | D:8      | Reached skill level 4 in Summonings
  9109 | D:8      | Reached skill level 4 in Necromancy
  9109 | D:8      | Reached skill level 4 in Transmutations
  9109 | D:8      | Reached skill level 4 in Fire Magic
  9109 | D:8      | Reached skill level 4 in Ice Magic
  9109 | D:8      | Reached skill level 4 in Air Magic
  9109 | D:8      | Reached skill level 4 in Earth Magic
  9109 | D:8      | Reached skill level 4 in Poison Magic
  9109 | D:8      | Reached XP level 10. HP: 37/77 MP: 17/20
  9488 | D:7      | Reached skill level 5 in Short Blades
  9488 | D:7      | Reached skill level 5 in Axes
  9488 | D:7      | Reached skill level 5 in Maces & Flails
  9488 | D:7      | Reached skill level 5 in Polearms
  9488 | D:7      | Reached skill level 5 in Staves
  9488 | D:7      | Reached skill level 5 in Slings
  9488 | D:7      | Reached skill level 5 in Bows
  9488 | D:7      | Reached skill level 5 in Crossbows
  9488 | D:7      | Reached skill level 5 in Stealth
  9488 | D:7      | Reached skill level 5 in Shields
  9488 | D:7      | Reached skill level 5 in Unarmed Combat
  9488 | D:7      | Reached skill level 5 in Evocations
  9647 | D:8      | Noticed a two-headed ogre
  9662 | D:8      | Killed a two-headed ogre
  9663 | D:8      | Reached skill level 7 in Fighting
  9663 | D:8      | Reached skill level 7 in Long Blades
  9663 | D:8      | Reached skill level 7 in Dodging
  9663 | D:8      | Reached skill level 7 in Translocations
 10167 | D:8      | Reached skill level 6 in Throwing
 10167 | D:8      | Reached skill level 6 in Armour
 10184 | D:8      | Found a hide-covered altar of Uskayaw.
 10513 | D:9      | Found a basalt altar of Yredelemnul.
 10513 | D:9      | Found an ornate altar of the Wu Jian Council.
 10599 | D:9      | Reached skill level 6 in Invocations
 10641 | D:9      | Found an opulent altar of Gozag.
 10682 | D:9      | Reached **** piety under Okawaru
 10867 | D:9      | Found a staircase to the Lair.
 11211 | D:10     | Entered Level 10 of the Dungeon
 11213 | D:10     | Found a flagged portal.
 11225 | Bailey   | Entered a bailey
 12093 | Bailey   | Reached XP level 11. HP: 84/84 MP: 22/22
 12620 | Bailey   | Noticed an orc warlord
 12644 | Bailey   | Reached skill level 6 in Short Blades
 12644 | Bailey   | Reached skill level 6 in Axes
 12644 | Bailey   | Reached skill level 6 in Maces & Flails
 12644 | Bailey   | Reached skill level 6 in Polearms
 12644 | Bailey   | Reached skill level 6 in Staves
 12644 | Bailey   | Reached skill level 6 in Slings
 12644 | Bailey   | Reached skill level 6 in Bows
 12644 | Bailey   | Reached skill level 6 in Crossbows
 12644 | Bailey   | Reached skill level 6 in Stealth
 12644 | Bailey   | Reached skill level 6 in Shields
 12644 | Bailey   | Reached skill level 6 in Unarmed Combat
 12644 | Bailey   | Reached skill level 6 in Evocations
 12665 | Bailey   | Killed an orc warlord
 12665 | Bailey   | Reached ***** piety under Okawaru
 12666 | Bailey   | Reached skill level 8 in Spellcasting
 12666 | Bailey   | Reached skill level 5 in Conjurations
 12666 | Bailey   | Reached skill level 5 in Hexes
 12666 | Bailey   | Reached skill level 5 in Summonings
 12666 | Bailey   | Reached skill level 5 in Necromancy
 12666 | Bailey   | Reached skill level 5 in Transmutations
 12666 | Bailey   | Reached skill level 5 in Fire Magic
 12666 | Bailey   | Reached skill level 5 in Ice Magic
 12666 | Bailey   | Reached skill level 5 in Air Magic
 12666 | Bailey   | Reached skill level 5 in Earth Magic
 12666 | Bailey   | Reached skill level 5 in Poison Magic
 12945 | Bailey   | Found the ring of the Octopus King
 12961 | Bailey   | Got a ring of the Octopus King
 12978 | Bailey   | Identified a ring of the Octopus King {AC+1 EV+1 Str+1
                  | Int+1 Dex+1 Stlth+} (You found it in a bailey)
 12983 | Bailey   | Identified a scroll of acquirement
 12983 | Bailey   | Acquired the Catalogue of Aerial Heat
 12989 | Bailey   | Learned a level 3 spell: Mephitic Cloud
 12992 | Bailey   | Learned a level 2 spell: Poisonous Vapours
 12998 | Bailey   | Learned a level 5 spell: Bolt of Magma
 13193 | D:10     | Found a staircase to the Orcish Mines.
 13203 | D:10     | Received a gift from Okawaru
 13611 | D:10     | Reached skill level 7 in Invocations
 14052 | D:10     | Reached skill level 8 in Fighting
 14052 | D:10     | Reached skill level 8 in Long Blades
 14052 | D:10     | Reached skill level 7 in Throwing
 14052 | D:10     | Reached skill level 7 in Armour
 14052 | D:10     | Reached skill level 8 in Dodging
 14333 | D:10     | Found a blossoming altar of Fedhas.
 14348 | D:10     | HP: 12/129 [meliai/divine providence (13)]
 14349 | D:10     | Received a gift from Okawaru
 14350 | D:10     | HP: 3/129 [meliai/divine providence (7)]
 14353 | D:10     | Slain by a meliai

Vanquished Creatures
  An orc warlord (Bailey)
  A two-headed ogre (D:8)
  2 meliai (D:10)
  Grinder (D:3)
  10 yaks
  3 shadows (D:10)
  Eustachio (D:4)
  Menkaure (D:5)
  A black bear (D:7)
  An eye of draining (D:10)
  2 necrophages
  14 orc warriors
  A sky beast (D:8)
  4 ice beasts
  4 ogres
  5 centaurs
  7 bullfrogs
  A scorpion (D:7)
  3 troll zombies (D:10)
  8 howler monkeys
  A wight (D:9)
  2 centaur zombies
  3 quasits
  3 bullfrog zombies
  10 orc priests
  A centaur skeleton (D:10)
  3 hounds (D:10)
  A jelly (D:7)
  2 bullfrog skeletons
  10 orc wizards
  Jessica (D:3)
  7 worker ants
  5 iguanas
  A killer bee zombie (D:7)
  6 big kobold zombies (Ossuary)
  3 ogre zombies (D:10)
  A hound zombie (D:10)
  A hound skeleton (D:6)
  A mummy (Ossuary)
  A worker ant zombie (D:10)
  12 gnolls
  7 adders
  A shadow imp (D:10)
  3 white imps
  3 ufetubi
  2 oozes (D:2)
  An adder zombie (D:3)
  3 adder skeletons
  3 dart slugs
  5 worms (D:2)
  5 leopard geckos
  45 orcs
  A spectral bat (Ossuary)
  3 giant cockroaches
  6 gnoll zombies (Ossuary)
  15 hobgoblins
  15 jackals
  9 kobolds
  5 quokkas
  14 bats
  4 bat simulacra (Ossuary)
  4 frilled lizards
  18 goblins
  2 goblin simulacra (Ossuary)
  6 goblin zombies
  A hobgoblin skeleton (D:10)
  7 hobgoblin zombies
  2 kobold simulacra (Ossuary)
  6 kobold zombies (Ossuary)
  A leopard gecko zombie (D:9)
  2 orc skeletons (D:10)
  15 orc zombies
  7 rats
  3 rat simulacra (Ossuary)
  3 spectral goblins (Ossuary)
  4 spectral kobolds (Ossuary)
  5 spectral rats (Ossuary)
382 creatures vanquished.

Vanquished Creatures (collateral kills)
  An orc warrior (Bailey)
  3 gnolls (Bailey)
  4 orcs (Bailey)
  2 goblins (Bailey)
  5 hobgoblins (Bailey)
15 creatures vanquished.

Vanquished Creatures (others)
  3 orc warriors (Bailey)
  5 plants (D:1)
  4 toadstools (D:1)
12 creatures vanquished.

Grand Total: 409 creatures vanquished

Table legend: (Time is in decaauts)
 A = Elapsed time spent in this place.
 B = Non-inter-level travel time spent in this place.
 C = Inter-level travel time spent in this place.
 D = Time resting spent in this place.
 E = Time spent auto-exploring this place.
 F = Levels seen in this place.
 G = Mean time per level.
                   A        B        C        D        E       F      G
               +--------+--------+--------+--------+--------+-----+--------+
         Total |  14399 |  13915 |    484 |   2803 |   8417 |  12 | 1199.9 |
       Dungeon |  12034 |  11550 |    484 |   1502 |   8027 |  10 | 1203.4 |
       Ossuary |    583 |    583 |      0 |     26 |    279 |   1 |  583.0 |
        Bailey |   1782 |   1782 |      0 |   1275 |    111 |   1 | 1782.0 |
               +--------+--------+--------+--------+--------+-----+--------+

Top non-repeatable levels by time:
     D:7: 2209 daAuts
  Bailey: 1782 daAuts
     D:6: 1432 daAuts
    D:10: 1348 daAuts
     D:3: 1319 daAuts
     D:2: 1283 daAuts
     D:4: 1220 daAuts
     D:8: 1151 daAuts
     D:9: 812 daAuts
     D:1: 634 daAuts
     D:5: 622 daAuts
 Ossuary: 583 daAuts

Table legend:
 A = Non-vault XP
 B = Vault XP
 C = Vault XP percentage of total XP
 D = Non-vault monster count
 E = Vault monster count
 F = Vault count percentage of total count
                 A         B        C        D         E       F
            +---------+---------+-------+---------+---------+-------
      Total |    9413 |    6028 |  39.0 |     225 |     173 |  43.5
            +---------+---------+-------+---------+---------+-------
        D:1 |      38 |       0 |   0.0 |      23 |       0 |   0.0
        D:2 |      86 |       0 |   0.0 |      33 |       0 |   0.0
        D:3 |      50 |     366 |  88.0 |      23 |      10 |  30.3
        D:4 |     153 |     196 |  56.2 |      12 |       1 |   7.7
        D:5 |     116 |     165 |  58.7 |       6 |       1 |  14.3
        D:6 |    1178 |       0 |   0.0 |      38 |       0 |   0.0
        D:7 |    1950 |     118 |   5.7 |      26 |       1 |   3.7
        D:8 |    2178 |       0 |   0.0 |      17 |       0 |   0.0
        D:9 |    1754 |      57 |   3.1 |      24 |       1 |   4.0
       D:10 |    1910 |    1348 |  41.4 |      23 |      37 |  61.7
    Ossuary |       0 |     225 | 100.0 |       0 |      55 | 100.0
     Bailey |       0 |    3553 | 100.0 |       0 |      67 | 100.0
            +---------+---------+-------+---------+---------+-------
